 Dungeon Crawl Stone Soup version 0.28.0 (webtiles) character file.

Game seed: 9742504929759699283

193 Hasart the Shield-Bearer (level 5, 0/45 HPs)
             Began as a Demigod Fighter on Feb 16, 2022.
             Succumbed to an adder's poison
             ... in a sewer.
             The game lasted 00:05:20 (2696 turns).

Hasart the Shield-Bearer (Demigod Fighter)          Turns: 2696, Time: 00:05:20

Health: 0/45       AC:  6    Str: 21    XL:     5   Next: 19%
Magic:  7/7        EV: 10    Int: 10    God:
Gold:   80         SH:  5    Dex: 13    Spells: 4/4 levels left

rFire   . . .      SeeInvis .   a - +0 war axe
rCold   . . .      Faith    .   c - +0 buckler
rNeg    . . .      Spirit   .   b - +0 scale mail
rPois   .          Reflect  .   (no helmet)
rElec   .          Harm     .   (no cloak)
rCorr   .          Rampage  .   (no gloves)
Will    .....                   (no boots)
Stlth   ..........              (no amulet)
HPRegen 0.15/turn               (no ring)
MPRegen 0.10/turn               (no ring)

@: lethally poisoned (0 -> -3)
A: high MP 1, forlorn, divine attributes
a: no special abilities


You were in a sewer.
You visited 1 branch of the dungeon, and saw 3 of its levels.
You also visited: Sewer.

You collected 80 gold pieces.

Inventory:

Hand Weapons
 a - a +0 war axe (weapon)
Armour
 b - a +0 scale mail (worn)
 c - a +0 buckler (worn)
Wands
 l - a wand of digging (5)
Scrolls
 e - 3 scrolls of identify {unknown}
 f - a scroll of amnesia {unknown}
 g - a scroll of enchant armour {unknown}
 i - a scroll of silence {unknown}
 k - 4 scrolls of teleportation {unknown}
 n - a scroll of immolation {unknown}
Potions
 d - a potion of might
 j - a potion of invisibility {unknown}
 o - a potion of curing {unknown}


   Skills:
 + Level 3.3 Fighting
 * Level 3.3 Axes
 + Level 3.3 Armour
 + Level 1.5 Dodging
 + Level 3.3 Shields


You had 4 spell levels left.
You didn't know any spells.
Your spell library contained the following spells:

 Spells                   Type           Power      Damage    Failure   Level
 Sublimation of Blood     Necr           0%         N/A       90%         2
 Wereblood                Tmut           0%         N/A       90%         2
 Summon Hydra             Summ           0%         N/A       100%        7


Dungeon Overview and Level Annotations

Branches:
Dungeon (3/15)              Sewer (1/1)


Innate Abilities, Weirdness & Mutations

You have an increased reservoir of magic. (+10% MP)
You shall have no god before yourself.
Your divine heritage dramatically boosts your attributes as you level up.


Message History

The adder bites you.
You are poisoned.
The adder poisons you! The adder bites you but does no damage.
You barely miss the adder.
The adder is severely wounded.
You feel very sick. The adder bites you but does no damage.
The adder bites you.
* * * LOW HITPOINT WARNING * * *
Okay, then.
You closely miss the adder.
The adder is severely wounded.
You feel sick. The adder bites you but does no damage.
You closely miss the adder.
The adder is severely wounded.
You feel sick. You block the adder's attack. The adder closely misses you.
You hit the adder but do no damage.
The adder is severely wounded.
You feel sick. The adder completely misses you. You block the adder's attack.
You miss the adder.
The adder is severely wounded.
You feel sick.
You are no longer poisoned.
The adder bites you but does no damage. The adder misses you.
You miss the adder.
The adder is severely wounded.
The adder bites you.
* * * LOW HITPOINT WARNING * * *
The adder bites you.
* * * LOW HITPOINT WARNING * * *
You are lethally poisoned!
The adder poisons you!
It was a potion of resistance.
You feel protected.
* * * LOW HITPOINT WARNING * * *
You feel sick. The adder bites you but does no damage.
It was a potion of cancellation.
Your magical effects are unravelling.
You feel magically purged.
Your resistance to elements expires.
You die...

#≈# #≈# #≈# #≈# #≈# #≈#
#S#
######@################
≈.≈≈≈≈†≈≈≈≈≈.≈.≈..≈≈....
.≈≈≈≈≈.≈≈≈≈≈≈....≈..≈..†
########################
#.###. ##.#.# ####..#
##.#..## #†##.#.#


You could see an adder.

Vanquished Creatures
  Ijyb (D:3)
  An orc wizard (D:3)
  5 adders
  2 river rats (Sewer)
  2 worms
  3 dart slugs
  4 orcs
  5 endoplasms
  2 giant cockroaches
  3 goblins
  6 hobgoblins
  5 quokkas
  6 ball pythons
  5 bats
  4 frilled lizards
  7 kobolds
  7 rats
68 creatures vanquished.

Notes
Turn   | Place    | Note
-------+----------+-------------------------------------------
     0 | D:1      | Hasart the Demigod Fighter began the quest for the Orb.
     0 | D:1      | Reached XP level 1. HP: 18/18 MP: 3/3
   246 | D:1      | Reached XP level 2. HP: 25/25 MP: 4/4
   837 | D:2      | Reached XP level 3. HP: 21/30 MP: 5/5
   968 | D:2      | Reached skill level 1 in Dodging
  1766 | D:3      | Reached XP level 4. HP: 38/38 MP: 6/6
  1955 | D:3      | Noticed Ijyb
  1968 | D:3      | HP: 1/38 [Ijyb (1)]
  1970 | D:3      | Killed Ijyb
  2083 | D:3      | Reached XP level 5. HP: 2/45 MP: 7/7
  2155 | D:3      | Found a glowing drain.
  2159 | Sewer    | Entered a sewer
  2694 | Sewer    | HP: 2/45 [adder (1)]
  2696 | Sewer    | Succumbed to an adder's poison

Illustrated notes

Levels and vault maps discovered:
D:1:      psy_arrival_terrarium, layout_basic
D:2:      layout_rooms, hellmonk_ecumenical_altar_run_dry
D:3:      layout_rooms, serial_rivers, chequers_serial_rivers_large_a,
          chequers_serial_rivers_small_a, chequers_serial_rivers_room_b,
          chequers_serial_rivers_micro_b, chequers_serial_rivers_micro_e,
          gup_sewer_entry_spiral, uniq_ijyb
Sewer:    sewer_co_cracked_pipes

Skill      XL: |  1  2  3  4 |
---------------+-------------+-----
Axes           | 2 3 |  3.3
Shields        | 3 |  3.3
Fighting       | 3 |  3.3
Armour         | 3 |  3.3
Dodging        | 1 |  1.5

Action                   |  1- 3 |  4- 6 || total
-------------------------+-------+-------++-------
Melee: War axe           |    97 |   132 ||   229
  Use: Potion            |       |     2 ||     2
Armor: Scale mail        |    52 |    59 ||   111
Dodge: Dodged            |    56 |    72 ||   128
Block: Buckler           |    30 |    37 ||    67
